 Dungeon Crawl Stone Soup version 0.28.0-53-g5a82cb258f (webtiles) character file.

Game seed: 107666281012512702

282 DemonSlayer the Firebug (level 6, -4/41 HPs)
             Began as a Demonspawn Fire Elementalist on Aug 18, 2022.
             Killed from afar by a white imp (8 damage)
             ... with a puff of frost
             ... on level 6 of the Dungeon.
             The game lasted 00:08:55 (4657 turns).

DemonSlayer the Firebug (DsFE)                      Turns: 4657, Time: 00:08:55

Health: -4/41      AC:  5    Str: 12 (14) XL:     6   Next: 6%
Magic:  12/12      EV: 14    Int: 16 (19) God:
Gold:   123        SH:  0    Dex: 10 (13) Spells: 5/13 levels left

rFire   . . .      SeeInvis +   c - +1 hand axe
rCold   . . .      Faith    .   (no shield)
rNeg    . . .      Spirit   .   a - +1 robe
rPois   .          Reflect  .   l - +0 helmet
rElec   .          Harm     .   (no cloak)
rCorr   .          Rampage  .   (no gloves)
Will    .....                   i - +0 pair of boots
Stlth   ++........              (no amulet)
HPRegen 0.13/turn               b - +6 ring of strength
MPRegen 0.26/turn               m - ring of see invisible

@: attractive, flying
A: repulsion field 1, magic regeneration, demonic touch 1
a: no special abilities


You were on level 6 of the Dungeon.
You visited 1 branch of the dungeon, and saw 6 of its levels.

You collected 123 gold pieces.

Inventory:

Hand Weapons
 c - a +1 hand axe (weapon)
Armour
 a - a +1 robe (worn)
 i - a +0 pair of boots (worn)
 l - a +0 helmet (worn)
Jewellery
 b - a +6 ring of strength (left hand)
 m - a ring of see invisible (right hand)
Wands
 d - a wand of flame (16)
Potions
 h - a potion of brilliance


   Skills:
 + Level 0.2 Fighting
 + Level 0.6 Axes
 + Level 2.1 Dodging
 + Level 2.2 Stealth
 + Level 4.0 Spellcasting
 + Level 1.6 Conjurations
 + Level 4.3 Fire Magic


You had 5 spell levels left.
You knew the following spells:

 Your Spells              Type           Power      Damage    Failure   Level
a - Foxfire               Conj/Fire      48%        2x1d6     4%          1
b - Scorch                Fire           34%        2d7       4%          2
c - Searing Ray           Conj           16%        2d5       13%         2
d - Conjure Flame         Conj/Fire      12%        6-21      14%         3

Your spell library contained the following spells:

 Spells                   Type           Power      Damage    Failure   Level
 Magic Dart               Conj           32%        1d4       9%          1
 Animate Skeleton         Necr           6%         N/A       17%         1
 Apportation              Tloc           6%         N/A       17%         1
 Summon Small Mammal      Summ           12%        N/A       17%         1
 Inner Flame              Hex/Fire       10%        N/A       21%         3
 Flame Wave               Conj/Fire      12%        2d6       43%         4
 Fulminant Prism          Conj/Hex       2%         3d6       77%         4


Dungeon Overview and Level Annotations

Branches:
Dungeon (6/15)
 Temple: D:4-7

Altars:
Okawaru

Annotations:
D:4 Robin


Innate Abilities, Weirdness & Mutations

You are surrounded by a mild repulsion field. (EV +2)
You regenerate magic rapidly.
Your touch may inflict minor irresistible damage on your foes.


Message History

The white imp hits you but does no damage.
Unknown command.
You completely miss the bullfrog. Your touch misses the bullfrog.
The bullfrog is heavily wounded.
You hit the white imp. The bullfrog hits you.
An orc wizard comes into view. It is wielding a +0 dagger.
The white imp gestures at you. The puff of frost hits you.
The bullfrog closely misses you.
Unknown command.
You are too injured to fight recklessly!
It was a potion of degeneration.
There was something very wrong with that liquid.
You feel weakened.
You feel dopey.
You feel clumsy. The bullfrog misses you. The white imp closely misses you.
The bullfrog hits you.
It was a potion of cancellation.
You feel magically purged. The white imp puffs mist at you.
The white imp hits you. The white imp freezes you.
The bullfrog barely misses you.
It was a potion of flight.
You feel very buoyant.
You fly up into the air.
The bullfrog misses you. The white imp barely misses you.
The orc hits you with a +0 club. The bullfrog hits you.
* * * LOW HITPOINT WARNING * * *
It was a potion of attraction.
You feel attractive to monsters. The white imp barely misses you.
The bullfrog hits you.
* * * LOW HITPOINT WARNING * * *
The orc completely misses you. The orc wizard is attracted toward you.
You aren't carrying any scrolls.
You barely miss the orc. You hit the white imp. You closely miss the bullfrog.
The bullfrog completely misses you. The white imp barely misses you.
The orc hits you with a +0 club.
* * * LOW HITPOINT WARNING * * *
The bullfrog barely misses you.
You closely miss the orc. You closely miss the bullfrog. You hit the white imp.
The white imp gestures at you. The puff of frost hits you!
You die...

## ##..#
......###
.(...oo@#
..###o5F#
##.## ..
..ยง ....
##...
##..


You could see a bullfrog, an orc wizard, a white imp and 2 orcs.

Vanquished Creatures
  A scorpion (D:4)
  A gnoll shaman (D:2)
  A hound zombie (D:5)
  4 gnolls
  4 adders
  2 worms (D:3)
  A dart slug (D:3)
  7 orcs
  5 bats
  4 endoplasms
  2 giant cockroaches (D:1)
  23 goblins
  6 hobgoblins
  4 jackals
  2 quokkas
  6 ball pythons
  5 frilled lizards
  6 kobolds
  6 rats
90 creatures vanquished.

Vanquished Creatures (others)
  127 foxfires
  16 plants (D:3)
143 creatures vanquished.

Grand Total: 233 creatures vanquished

Notes
Turn   | Place    | Note
-------+----------+-------------------------------------------
     0 | D:1      | DemonSlayer the Demonspawn Fire Elementalist began the
                  | quest for the Orb.
     0 | D:1      | Reached XP level 1. HP: 13/13 MP: 3/3
   262 | D:1      | Gained mutation: You are surrounded by a mild repulsion
                  | field. (EV +2) [demonic ancestry]
   262 | D:1      | Reached XP level 2. HP: 13/19 MP: 1/5
   265 | D:1      | Learned a level 2 spell: Scorch
   757 | D:1      | Noticed an ogre
   797 | D:1      | Found a faded altar of an unknown god.
  1304 | D:1      | Learned a level 2 spell: Searing Ray
  1486 | D:2      | Reached XP level 3. HP: 19/24 MP: 0/6
  1639 | D:2      | Found an iron altar of Okawaru.
  2778 | D:4      | Gained mutation: Your touch may inflict minor irresistible
                  | damage on your foes. [demonic ancestry]
  2778 | D:4      | Reached XP level 4. HP: 20/30 MP: 1/8
  2788 | D:4      | Learned a level 3 spell: Conjure Flame
  2792 | D:4      | Noticed a scorpion
  3360 | D:3      | Reached XP level 5. HP: 35/35 MP: 7/10
  4596 | D:4      | Noticed Robin
  4598 | D:4      | Noticed an orc warrior
  4611 | D:5      | Entered Level 5 of the Dungeon
  4629 | D:5      | Gained mutation: You regenerate magic rapidly. [demonic
                  | ancestry]
  4629 | D:5      | Reached XP level 6. HP: 24/41 MP: 0/12
  4657 | D:6      | Killed from afar by a white imp

Illustrated notes

Levels and vault maps discovered:
D:1:      evilmike_arrival_come_back, layout_loops_cross,
          dreamdust_ecumenical_altar_angels_and_demons
D:2:      layout_loops_cross, basic_altar, minmay_hexomino_u4
D:3:      layout_basic, nicolae_grassy_gnolls
D:4:      layout_rooms, uniq_robin
D:5:      layout_cave_pools, minmay_temple_entry_large_hall, serial_shops,
          nicolae_square_shop, lightli_church_of_beogh
D:6:      layout_cave_pools, marbit_many_paths, uniq_blork_the_orc

Skill      XL: |  1  2  3  4  5 |
---------------+----------------+-----
Stealth        | 2 |  2.2
Fire Magic     | 3 4 |  4.3
Spellcasting   | 3 4 |  4.0
Dodging        | 2 |  2.1
Fighting       | |  0.2
Axes           | |  0.6
Conjurations   | |  1.6

Action                   |  1- 3 |  4- 6 || total
-------------------------+-------+-------++-------
Melee: Hand axe          |    38 |    38 ||    76
       Touch             |       |     7 ||     7
 Cast: Foxfire           |    67 |    17 ||    84
       Scorch            |    16 |    38 ||    54
  Use: Scroll            |     7 |     3 ||    10
       Potion            |     1 |     5 ||     6
 Stab: Sleeping          |     1 |     1 ||     2
Armor: Robe              |    12 |    34 ||    46
Dodge: Dodged            |    43 |    54 ||    97
